 Dungeon Crawl Stone Soup version 0.32-a0-747-gc8563f6773 (webtiles) character file.

Game seed: 8802382204817363857

1437 ColdPorridge the Trooper (level 8, -2/62 HPs)
             Began as a Coglin Alchemist on Mar 17, 2024.
             Was a Follower of Ru.
             Slain by a boulder beetle (8 damage)
             ... on level 6 of the Dungeon.
             The game lasted 00:19:46 (6062 turns).

ColdPorridge the Trooper (Coglin Alchemist)         Turns: 6062, Time: 00:19:47

Health: -2/62      AC:  8    Str:  9    XL:     8   Next: 74%
Magic:  9/10       EV: 10    Int: 17    God:    Ru [*.....]
Gold:   204        SH:  0    Dex: 14    Spells: 0/10 levels left

rFire   . . .        f - +2 short sword (freeze) {Qiu}
rCold   . . .        t - +0 long sword {Kaspar}
rNeg    . . .        o - +0 leather armour
rPois   .            (no helmet)
rElec   .            m - +0 cloak
rCorr   .            w - +0 pair of gloves
SInv    .            x - +1 pair of boots
Will    .....        (amulet unavailable)
Stlth   ++           (ring unavailable)
HPRegen 0.30/turn    (ring unavailable)
MPRegen 0.12/turn    (no gizmo)

%: no passive effects
@: brilliant, horrified, very slightly contaminated, revving
A: cowardly, off-hand wielding, slow wielding, warmup strikes, no jewellery
a: Invent Gizmo, Renounce Religion


You were on level 6 of the Dungeon.
You worshipped Ru.
Ru was aware of your devotion.
You visited 1 branch of the dungeon, and saw 6 of its levels.
You also visited: Ossuary.

You collected 384 gold pieces.
You spent 180 gold pieces at shops.

Inventory:

Hand Weapons
 c - a +0 dagger {Xigheaci}
 d - a +0 dagger {Hans}
 f - a +2 short sword of freezing (weapon) {Qiu}
 i - a +0 mace
 q - a +0 rapier {Kun}
 t - a +0 long sword (offhand) {Kaspar}
 y - a +3 falchion
Missiles
 n - 12 boomerangs (quivered)
 p - 13 poisoned darts
Armour
 a - a +0 robe
 m - a +0 cloak (worn)
 o - a +0 leather armour (worn)
 w - a +0 pair of gloves (worn)
 x - a +1 pair of boots (worn)
Talismans
 e - a flux talisman
Scrolls
 r - a scroll of revelation {unknown}
 A - a scroll of vulnerability {unknown}
 B - a scroll of noise {unknown}
Potions
 b - 2 potions of magic
 g - a potion of might {unknown}
 h - 2 potions of degeneration
 k - 2 potions of resistance {unknown}
 l - a potion of cancellation {unknown}
 s - 2 potions of enlightenment
 u - 2 potions of haste {unknown}
 v - a potion of berserk rage {unknown}
 z - a potion of brilliance


   Skills:
 + Level 5.2 Fighting
 - Level 2.7(3.5) Short Blades
 + Level 3.6(4.1) Long Blades
 - Level 4.1 Armour
 - Level 1.8 Dodging
 - Level 1.5 Stealth
 - Level 1.7 Spellcasting
 - Level 2.0 Conjurations
 + Level 1.6 Fire Magic
 - Level 2.4 Air Magic
 - Level 5.0 Alchemy


You couldn't memorise any spells.
You knew the following spells:

 Your Spells              Type           Power      Damage    Failure   Level
a - Sting                 Conj/Alch      60%        1d6       6%          1
b - Mercury Vapours       Alch/Air       32%        N/A       9%          2
c - Mephitic Cloud        Conj/Alch/Air  14%        N/A       22%         3
d - Sticky Flame          Fire/Alch      14%        2d5       56%         4

Your spell library contained the following spells:

 Spells                   Type           Power      Damage    Failure   Level
 Sandblast                Erth           2%         2d4       26%         1
 Olgreb's Toxic Radiance  Alch           21%        N/A       34%         4
 Stone Arrow              Conj/Erth      10%        3d7       47%         3
 Brom's Barrelling Bould  Conj/Erth      5%         2d3       87%         4
 Anguish                  Hex/Necr       0%         N/A       95%         4
 Cause Fear               Hex            0%         N/A       95%         4
 Enfeeble                 Hex            0%         N/A       100%        7


Dungeon Overview and Level Annotations

Branches:
Dungeon (6/15)             Temple (0/1) D:6         Ossuary (visited)

Altars:
Ashenzari
Dithmenos
Elyvilon
Hepliaklqana
Okawaru
Ru
Sif Muna
Uskayaw
Vehumet
Wu Jian
Xom
The Shining One

Shops:
D:6 [?

Annotations:
D:4 exclusion: downstairs


Innate Abilities, Weirdness & Mutations

Your cowardice makes you less effective in combat with threatening foes.
You can wield a second weapon in your off-hand.
It takes a long time for you to wield or remove held weapons.
Your first few attacks do less damage.
You cannot equip rings or amulets.


Message History

Press: ? - help, Shift-Dir - straight line The sting hits the boulder beetle but does no damage.
The boulder beetle is poisoned.
The boulder beetle is lightly wounded.
The boulder beetle leaps!
Casting: Sting (safe; 6% risk of failure)
Confirm with . or Enter, or press ? or * to list all spells.
Aiming: Sting (safe; 6% risk of failure)
Press: ? - help, Shift-Dir - straight line, f - boulder beetle
Aim: a boulder beetle (lightly wounded, poisoned, 100% to hit)
The sting hits the boulder beetle but does no damage.
The boulder beetle looks even sicker.
The boulder beetle is lightly wounded.
As you close the door, it creaks loudly!
You feel better.
You feel clever all of a sudden. Magic courses through your body.
As you open the door, it creaks loudly!
The boulder beetle curls into a ball and begins rolling!
You feel a twist of horror at the sight of this foe.
The boulder beetle hits you but does no damage.
The boulder beetle stops rolling and uncurls.
There is an open door here.
Casting: Sting (safe; 6% risk of failure)
Confirm with . or Enter, or press ? or * to list all spells.
Aiming: Sticky Flame (quite dangerous; 56% risk of failure)
Press: ? - help, Shift-Dir - straight line, f/p - boulder beetle
Aim: a boulder beetle (lightly wounded, poisoned)
You feel a surge of power!
You miscast Sticky Flame.
You are very lightly contaminated with residual magic.
Sparks fly from your graspers! The boulder beetle bites you!!
* * * LOW HITPOINT WARNING * * *
You feel better. The boulder beetle bites you!
* * * LOW HITPOINT WARNING * * *
You hit the boulder beetle but do no damage.
The boulder beetle is lightly wounded.
You hit the boulder beetle but do no damage.
The boulder beetle bites you!
You die...
Ru respects your ultimate sacrifice.

.#...##### .##
##..........
.........# #?#
#..........
##...###.# ##
#?##+###.......###
#...# #.# ..
+:#..ß##..........
##...# #.# .
#/#...'........###
##...# #.#
#+##[##'###.......# #
.#...# #.# #.ß#"#ß.#
#.......### .#...#
#.# #..###..#
#.......... .#####
#.# #.B@..##
#.......... .####
#.############
#.......... ....#
#.#..........#
#......#...
###.####.#..........#
#......####
...)))...#..........#
######## #
#####)..##..........#
# # ###..#..........#
#
########............#
##### #
##..................#
#...# #


You could see a boulder beetle (poisoned).

Vanquished Creatures
  Sigmund (D:5)
  A sky beast (D:6)
  2 phantoms
  3 wights
  A howler monkey (D:6)
  2 bombardier beetles
  2 jellies
  A gnoll bouda (D:6)
  5 orc priests
  2 sleepcaps (D:5)
  Jessica (D:2)
  Terence (D:2)
  2 iguanas (D:6)
  A scorpion zombie (Ossuary)
  5 orc wizards
  4 gnolls (D:6)
  9 adders
  A ribbon worm (D:2)
  A dart slug (D:3)
  22 orcs
  7 ball pythons
  4 bats
  5 endoplasms
  6 giant cockroaches
  4 goblins
  5 hobgoblins
  2 jackals (D:4)
  6 kobolds
  3 quokkas
  A frilled lizard (D:1)
  4 rats
114 creatures vanquished.

Vanquished Creatures (others)
  An iguana (D:5)
  An orc (D:6)
2 creatures vanquished.

Grand Total: 116 creatures vanquished

Notes
Turn   | Place    | Note
-------+----------+-------------------------------------------
     0 | D:1      | ColdPorridge the Coglin Alchemist began the quest for the
                  | Orb.
     0 | D:1      | Reached XP level 1. HP: 13/13 MP: 3/3
    14 | D:1      | Reached skill level 1 in Conjurations
   404 | D:1      | Reached XP level 2. HP: 19/19 MP: 0/4
   407 | D:1      | Learned a level 2 spell: Mercury Vapours
   523 | D:1      | Found a faded altar of an unknown god.
  1148 | D:1      | Reached XP level 3. HP: 19/24 MP: 2/5
  1320 | D:2      | Noticed Terence
  1340 | D:2      | Killed Terence
  1341 | D:2      | Reached skill level 1 in Air Magic
  1341 | D:2      | Reached XP level 4. HP: 21/30 MP: 1/6
  1619 | D:2      | Noticed Jessica
  1624 | D:2      | Killed Jessica
  1850 | D:3      | Reached XP level 5. HP: 35/35 MP: 4/7
  2047 | D:3      | Reached skill level 5 in Alchemy
  2225 | D:3      | Found an ornate altar of the Wu Jian Council.
  2434 | D:3      | Found a sacrificial altar of Ru.
  2435 | D:3      | Found a shimmering blue altar of Sif Muna.
  2471 | D:3      | Reached skill level 1 in Fighting
  2503 | D:3      | Became a worshipper of Ru the Awakened
  2946 | D:4      | Found a shimmering altar of Xom.
  2956 | D:4      | Reached skill level 1 in Armour
  2972 | D:4      | Reached XP level 6. HP: 20/43 MP: 5/8
  3073 | D:4      | Found a hide-covered altar of Uskayaw.
  3098 | D:4      | Reached skill level 1 in Short Blades
  3799 | D:5      | Entered Level 5 of the Dungeon
  3842 | D:5      | Gained mutation: Your cowardice makes you less effective in
                  | combat with threatening foes. [Ru sacrifice]
  3842 | D:5      | Reached * piety under Ru
  3948 | D:5      | Reached XP level 7. HP: 40/51 MP: 6/9
  4100 | D:5      | Noticed Sigmund
  4234 | D:5      | Killed Sigmund
  4258 | D:5      | Found a sand-covered staircase.
  4272 | Ossuary  | Entered an ossuary
  4285 | Ossuary  | HP: 2/52 [mummy (11)]
  4480 | D:5      | Found a hazy altar of Hepliaklqana.
  4486 | D:5      | Learned a level 3 spell: Mephitic Cloud
  4488 | D:5      | Found a glowing golden altar of the Shining One.
  4490 | D:5      | Found a radiant altar of Vehumet.
  4492 | D:5      | Found a broken altar of Ashenzari.
  4493 | D:5      | Found an iron altar of Okawaru.
  4494 | D:5      | Found a shadowy altar of Dithmenos.
  4497 | D:5      | Found a white marble altar of Elyvilon.
  4616 | D:5      | Reached skill level 1 in Long Blades
  4751 | D:6      | Found Rirchek's Antique Armour Shop.
  4758 | D:6      | Bought a pair of embroidered boots for 180 gold pieces
  4855 | D:6      | Reached XP level 8. HP: 53/60 MP: 6/10
  5336 | D:6      | Found Dus Bofe's Magic Scroll Emporium.
  5528 | D:6      | Found a staircase to the Ecumenical Temple.
  5557 | D:6      | Learned a level 4 spell: Sticky Flame
  5862 | D:6      | Reached skill level 5 in Fighting
  5862 | D:6      | Reached skill level 1 in Fire Magic
  6033 | D:6      | Noticed a boulder beetle
  6062 | D:6      | Slain by a boulder beetle

Illustrated notes

Levels and vault maps discovered:
D:1:      spicycebolla_green_bress_n_ham_2, layout_basic,
          dreamdust_ecumenical_altar_grove, grunt_decor_cap,
          minmay_misc_feat_secret_circle
D:2:      layout_rooms, serial_bayou_pond_d, uniq_terence, uniq_jessica
D:3:      layout_basic, mainiacjoe_overflow_alcove_1, jmf_multi_god_temple,
          minmay_misc_feat_square
D:4:      layout_basic, grunt_temple_overflow_open, hangedman_decor_opposing
D:5:      layout_rooms, minitemple, lightli_ossuary_entry_decrepit_ruins,
          dreamdust_wishing_well, uniq_sigmund
D:6:      minmay_chambers_of_sixes, layout_basic,
          minmay_temple_entry_purple_smoke, serial_shops, shop, shop

Skill      XL: |  1  2  3  4  5  6  7  8 |
---------------+-------------------------+-----
Conjurations   | 1 2 |  2.0
Alchemy        | 4 5 |  5.0
Air Magic      | 1 2 |  2.4
Fighting       | 1 2 4 5 |  5.2
Armour         | 1 2 3 4 |  4.1
Short Blades   | 2 |  2.7
Long Blades    | 1 3 |  3.6
Fire Magic     | 1 |  1.6
Dodging        | |  1.8
Stealth        | |  1.5
Spellcasting   | |  1.7

Action                     |  1- 3 |  4- 6 |  7- 9 || total
---------------------------+-------+-------+-------++-------
  Melee: Dagger            |    67 |    68 |       ||   135
         Short sword       |    20 |   117 |   143 ||   280
         Rapier            |       |    39 |       ||    39
         Long sword        |       |     5 |   143 ||   148
  Throw: Boomerang         |       |     2 |       ||     2
   Cast: Sting             |    25 |     9 |     4 ||    38
         Mercury Vapours   |     8 |    13 |     6 ||    27
         Mephitic Cloud    |       |       |     4 ||     4
         Sticky Flame      |       |       |     1 ||     1
 Invoke: Sacrifice Courage |       |     1 |       ||     1
    Use: Scroll            |       |     2 |     5 ||     7
         Potion            |       |     2 |     6 ||     8
   Stab: Sleeping          |       |     2 |     2 ||     4
         Confused          |       |       |     4 ||     4
 Armour: Robe              |    21 |    14 |       ||    35
         Leather armour    |       |    50 |   118 ||   168
  Dodge: Dodged            |    38 |    70 |    90 ||   198

Table legend: (Time is in decaauts)
 A = Elapsed time spent in this place.
 B = Non-inter-level travel time spent in this place.
 C = Inter-level travel time spent in this place.
 D = Time resting spent in this place.
 E = Time spent auto-exploring this place.
 F = Levels seen in this place.
 G = Mean time per level.
                   A        B        C        D        E       F      G
               +--------+--------+--------+--------+--------+-----+--------+
         Total |   6081 |   5877 |    204 |    778 |   3802 |   7 |  868.7 |
       Dungeon |   6065 |   5861 |    204 |    778 |   3802 |   6 | 1010.8 |
       Ossuary |     16 |     16 |      0 |      0 |      0 |   1 |   16.0 |
               +--------+--------+--------+--------+--------+-----+--------+

Top non-repeatable levels by time:
     D:6: 1240 daAuts
     D:1: 1164 daAuts
     D:4: 1089 daAuts
     D:3: 950 daAuts
     D:5: 940 daAuts
     D:2: 680 daAuts
 Ossuary: 16 daAuts
